 Dungeon Crawl Stone Soup version 0.21.1-1-g345015f (webtiles) character file.

287 lysyklops the Poker (level 6, 0/47 HPs)
             Began as a Merfolk Gladiator on July 5, 2018.
             Was a Follower of Uskayaw.
             Killed from afar by Curus's ghost (4 damage)
             ... with a sting
             ... on level 4 of the Dungeon.
             The game lasted 00:12:14 (3378 turns).

lysyklops the Poker (Merfolk Gladiator)             Turns: 3378, Time: 00:12:16

Health: 0/47       AC:  4    Str: 15    XL:     6   Next: 30%
Magic:  3/6        EV: 15    Int:  7    God:    Uskayaw [*.....]
Gold:   133        SH:  0    Dex: 17    Spells: 4/5 levels left

rFire    . . .     SeeInvis .   a - +0 trident
rCold    . . .     Gourm    .   (no shield)
rNeg     . . .     Faith    .   b - +0 leather armour
rPois    .         Spirit   .   c - +0 helmet
rElec    .         Reflect  .   (no cloak)
rCorr    .         Harm     .   (no gloves)
MR       .....                  (no boots)
Stlth    +.........             (no amulet)
HPRegen  0.15/turn              (no ring)
MPRegen  0.10/turn              (no ring)

@: lethally poisoned (0 -> -13)
A: change form in water, swift swim, stealthy swim
a: Stomp, Renounce Religion


You were on level 4 of the Dungeon.
You worshipped Uskayaw.
Uskayaw was noncommittal.
You were very hungry.

You visited 1 branch of the dungeon, and saw 4 of its levels.

You collected 133 gold pieces.

Inventory:

Hand Weapons
 a - a +0 trident (weapon)
 w - a cursed -3 halberd
 x - a +0 spear
Missiles
 d - 3 throwing nets (quivered)
 h - 18 poisoned needles
Armour
 b - a +0 leather armour (worn)
 c - a +0 helmet (worn)
 g - a +2 pair of gloves
 i - a +0 plate armour
 o - a +0 helmet
Jewellery
 p - a +2 amulet of reflection {unknown}
 q - an uncursed ring of poison resistance {unknown}
 r - an uncursed ring of protection from magic {unknown}
 C - an uncursed amulet of guardian spirit {unknown}
Wands
 y - a wand of paralysis (14)
Scrolls
 e - 2 scrolls of remove curse {unknown}
 j - 3 scrolls of identify {unknown}
 s - a scroll of enchant armour {unknown}
 u - a scroll of teleportation {unknown}
 v - 3 scrolls of blinking {unknown}
Potions
 k - a potion of invisibility {unknown}
 l - 2 potions of curing {unknown}
 m - a potion of heal wounds {unknown}
 n - 2 potions of agility {unknown}
 t - a potion of mutation {unknown}
 z - 2 potions of magic {unknown}
 A - a potion of cancellation {unknown}
 D - a potion of lignification {unknown}
 E - a potion of haste {unknown}
Books
 B - a book of Debilitation

   Spells                             Type                      Level
   a - Corona                         Hexes                        1
   b - Slow                           Hexes                        2
   c - Inner Flame                    Hexes/Fire                   3
   d - Portal Projectile              Hexes/Translocation          3
   e - Cause Fear                     Hexes                        4
   f - Leda's Liquefaction            Hexes/Earth                  4
Comestibles
 f - 4 rations


   Skills:
 + Level 3.3 Fighting
 + Level 7.7 Polearms
 - Level 2.0 Throwing
 + Level 1.2 Armour
 + Level 5.4 Dodging
 * Level 0.2 Hexes


You had 4 spell levels left.
You knew the following spells:

 Your Spells              Type           Power        Failure   Level  Hunger
a - Corona                Hex            #......      47%         1    ##.....


Dungeon Overview and Level Annotations

Branches:
Dungeon (4/15)
 Temple: D:4-7

Altars:
Nemelex Xobeh
Uskayaw

Annotations:
D:4 Curus's ghost, novice DrVM


Message History

Curus's ghost is moderately damaged.
You feel sick. Curus's ghost hits you!
* * * LOW HITPOINT WARNING * * *
You closely miss Curus's ghost.
Curus's ghost is moderately damaged.
You feel sick. Curus's ghost hits you.
* * * LOW HITPOINT WARNING * * *
You miss Curus's ghost.
Curus's ghost is moderately damaged.
Curus's ghost gestures at you while chanting.
The sting hits you!
You are more poisoned.
You closely miss Curus's ghost.
Curus's ghost is moderately damaged.
* * * LOW HITPOINT WARNING * * *
You feel sick.
Curus's ghost points at you and mumbles some strange words.
The sting hits you!
You are more poisoned.
You die...

#####.##....#
#.####..########+##
#####.##..............#
..[.........).........+
#####.##..............#
#.##..............##
#.##................
#.######..##.#.###.#
#.# ##.##@# # ..#
#.##W#.###.# ##
#..........#
#......##### #......#
#......# #......#
#......# #......#


You could see Curus's ghost.

Vanquished Creatures
  A bullfrog (D:3)
  A worker ant (D:4)
  3 gnolls (D:3)
  9 adders
  An ooze (D:1)
  2 worms
  3 dart slugs
  A leopard gecko (D:1)
  An orc (D:3)
  3 giant cockroaches
  10 goblins
  9 hobgoblins
  3 jackals (D:1)
  12 kobolds
  A quokka (D:3)
  3 ball pythons
  12 bats
  4 frilled lizards
  9 rats
88 creatures vanquished.

Notes
Turn   | Place    | Note
-------+----------+-------------------------------------------
     0 | D:1      | lysyklops the Merfolk Gladiator began the quest for the Orb.
     0 | D:1      | Reached XP level 1. HP: 16/16 MP: 1/1
    74 | D:1      | Reached XP level 2. HP: 20/22 MP: 2/2
   371 | D:1      | Reached skill level 5 in Polearms
   516 | D:1      | Reached XP level 3. HP: 28/28 MP: 3/3
   910 | D:2      | Reached skill level 5 in Dodging
  1160 | D:2      | Reached XP level 4. HP: 34/34 MP: 4/4
  1324 | D:2      | Reached skill level 6 in Polearms
  1355 | D:2      | Found a sparkling altar of Nemelex Xobeh.
  1493 | D:2      | Found a hide-covered altar of Uskayaw.
  1502 | D:2      | Became a worshipper of Uskayaw the Reveler
  1545 | D:2      | Reached * piety under Uskayaw
  1876 | D:2      | Reached ** piety under Uskayaw
  1885 | D:2      | Reached XP level 5. HP: 21/40 MP: 5/5
  1887 | D:2      | Reached *** piety under Uskayaw
  2618 | D:3      | Reached skill level 1 in Armour
  2740 | D:3      | Reached skill level 7 in Polearms
  2944 | D:3      | Reached XP level 6. HP: 21/47 MP: 6/6
  3238 | D:3      | Learned a level 1 spell: Corona
  3358 | D:4      | Noticed Curus's ghost (novice DrVM)
  3378 | D:4      | Killed from afar by Curus's ghost

Skill      XL: |  1  2  3  4  5 |
---------------+----------------+-----
Polearms       | 5 6 7 |  7.7
Dodging        | 5 |  5.4
Fighting       | 3 |  3.3
Armour         | 1 |  1.2
Throwing       | |  2.0
Hexes          | |  0.2

Action                   |  1- 3 |  4- 6 || total
-------------------------+-------+-------++-------
Melee: Trident           |    88 |   212 ||   300
Invok: Stomp             |       |     1 ||     1
 Stab: Sleeping          |     1 |     1 ||     2
       Paralysed         |       |     2 ||     2
       Distracted        |       |     1 ||     1
  Eat: Chunk             |       |     7 ||     7
Armor: Leather armour    |    19 |    43 ||    62
Dodge: Dodged            |    49 |   132 ||   181
